 Dungeon Crawl Stone Soup version 0.26-a0-540-g8a0c9464d7 (webtiles) character file.

Game seed: 7983421544851758444

7763 HoaS the Grappler (level 11, -2/91 HPs)
             Began as a Ghoul Gladiator on Aug 16, 2020.
             Was a Priest of Makhleb.
             Slain by an ettin
             ... wielding a +0 dire flail
              (23 damage)
             ... on level 2 of the Orcish Mines.
             The game lasted 00:18:56 (8663 turns).

HoaS the Grappler (Ghoul Gladiator)                 Turns: 8663, Time: 00:18:56

Health: -2/91      AC: 15    Str: 20    XL:     11   Next: 20%
Magic:  10/10      EV: 12    Int:  3    God:    Makhleb [***...]
Gold:   1597       SH:  0    Dex: 12    Spells: 10/10 levels left

rFire    . . .     SeeInvis .     - Unarmed
rCold    + . .     Faith    .   (no shield)
rNeg     + + +     Spirit   .   m - +0 plate armour
rPois    ∞         Reflect  .   b - +1 helmet
rElec    .         Harm     .   (no cloak)
rCorr    .                      (no gloves)
MR       +....                  j - +0 pair of boots
Stlth    ..........             (no amulet)
HPRegen  0.00/turn              d - +4 ring of evasion
MPRegen  0.12/turn              h - ring of protection from magic

@: mighty
A: rotting body, claws 1, cold resistance 1, negative energy resistance 3,
inhibited regeneration, torment resistance, unbreathing
a: Minor Destruction, Lesser Servant of Makhleb, Renounce Religion


You were on level 2 of the Orcish Mines.
You worshipped Makhleb.
Makhleb was most pleased with you.
You visited 3 branches of the dungeon, and saw 13 of its levels.
You visited 1 bazaar.
You also visited: Ossuary.

You collected 1927 gold pieces.
You spent 330 gold pieces at shops.

Inventory:

Missiles
 c - 3 throwing nets (quivered)
 i - 19 poisoned darts
 l - 5 atropa-tipped darts
 s - 8 boomerangs
 y - 3 javelins
Armour
 b - a +1 helmet (worn)
 j - a +0 pair of boots (worn)
 m - a +0 plate armour (worn)
Jewellery
 d - a +4 ring of evasion (left claw)
 h - a ring of protection from magic (right claw)
 k - a cursed ring of flight
 x - the ring of Day {rC+ rN+ rCorr Str-3}
   (You found it on level 9 of the Dungeon)

   [ring of resist corrosion]

   It affects your strength (-3).
   It protects you from cold.
   It protects you from negative energy.
   It provides partial protection from all sources of acid and corrosion.
Wands
 e - a wand of digging (3)
 q - a wand of random effects (16)
 w - a wand of paralysis (8)
Scrolls
 a - a scroll of identify
 n - 2 scrolls of blinking
 o - 2 scrolls of fog
 t - 3 scrolls of remove curse
 v - a scroll of enchant armour
Potions
 f - 8 potions of curing
 g - 2 potions of heal wounds
 p - a potion of flight
 u - a potion of ambrosia
 z - a potion of cancellation


   Skills:
 + Level 6.8 Fighting
 - Level 1.7 Throwing
 + Level 5.2 Armour
 + Level 6.0 Dodging
 * Level 14.4 Unarmed Combat


You had 10 spell levels left.
You didn't know any spells.
Your spell library contained the following spells:

 Spells                   Type           Power        Failure   Level
 Magic Dart               Conj           #...         100%        1
 Shock                    Conj/Air       #...         100%        1
 Blink                    Tloc           N/A          100%        2
 Call Imp                 Summ           #.......     100%        2
 Slow                     Hex            #.......     100%        2
 Swiftness                Air            #.......     100%        2
 Conjure Flame            Conj/Fire      #.......     100%        3
 Mephitic Cloud           Conj/Pois/Air  #.......     100%        3
 Static Discharge         Conj/Air       #.......     100%        3
 Airstrike                Air            #.........   100%        4
 Lightning Bolt           Conj/Air       #.........   100%        5


Dungeon Overview and Level Annotations

Branches:
Dungeon (10/15)            Temple (1/1) D:6             Orc (2/2) D:9
Ossuary (visited)
   Lair: D:8-11         Elf: Orc:2

Altars:
Ashenzari
Cheibriados
Dithmenos
Elyvilon
Fedhas
Gozag
Hepliaklqana
Kikubaaqudgha
Makhleb
Nemelex Xobeh
Okawaru
Qazlal
Ru
Sif Muna
Trog
Uskayaw
Vehumet
Wu Jian
Xom
Yredelemnul
Zin
The Shining One
Beogh

Annotations:
D:7 3 runed translucent doors, 1player's ghost, novice DrAE; Lanoc's ghost, novice DsIE; Lanoc's ghost, novice VSIE; Mesmaeker13's ghost, novice DrSu


Innate Abilities, Weirdness & Mutations

Your body is rotting away.
You thrive by killing the living.
You are immune to poison.
You have sharp fingernails.
Your flesh is cold resistant. (rC+)
You are immune to negative energy. (rN+++)
You do not regenerate when monsters are visible.
You are immune to unholy pain and torment.
You can survive without breathing.


Message History

The ettin is moderately wounded.
You claw the ettin!
The ettin is moderately wounded.
The ettin hits you with a +0 dire flail!!
The ettin hits you with a +0 dire flail!
* * * LOW HITPOINT WARNING * * *
You feel much better.
The ettin hits you with a +0 dire flail!
The ettin closely misses you.
You scratch the ettin but do no damage.
The ettin is moderately wounded.
The ettin hits you with a +0 dire flail.
The ettin hits you with a +0 dire flail!
* * * LOW HITPOINT WARNING * * *
You mangle the ettin!!
The ettin is severely wounded.
You scratch the ettin.
The ettin is severely wounded.
The ettin hits you with a +0 dire flail!!
You die...

## ######.###
##.#.#....#
##..........
##.#@#....#.$..
##..C##.....#$...
#...o≈≈≈........#.
#...≈≈≈≈≈......$...
##..≈≈<≈≈...#.#.#..
.#..≈≈∩≈≈....#.#...
#...≈≈<≈≈..........
#...≈≈≈≈≈..........
......≈≈≈...<...#..#


You could see an ettin and an orc.

Vanquished Creatures
  A two-headed ogre (Orc:1)
  Maurice (D:9)
  Prince Ribbit (D:7)
  4 hippogriffs
  A wraith (D:10)
  6 yaks
  Menkaure (D:5)
  A water moccasin (D:9)
  Duvessa (D:5)
  3 orc warriors
  A sky beast (D:9)
  2 black bears
  A necrophage (D:7)
  2 phantoms
  3 centaurs
  2 ogres
  7 bullfrogs
  Dowan (D:5)
  A gnoll sergeant (D:7)
  3 water moccasin zombies
  4 scorpions
  15 killer bees
  7 wights (D:9)
  2 howler monkeys
  A centaur zombie (D:7)
  A quasit (D:8)
  3 jellies
  7 hounds
  2 orc priests (D:9)
  2 bullfrog skeletons
  A gnoll shaman (D:5)
  An iguana (D:9)
  10 orc wizards
  6 worker ants
  A big kobold zombie (Ossuary)
  2 hound skeletons
  2 mummies (Ossuary)
  2 worker ant zombies
  9 gnolls
  A howler monkey skeleton (D:10)
  6 adders
  A shadow imp (D:8)
  3 white imps
  2 ufetubi
  An adder skeleton (D:5)
  3 adder zombies (Ossuary)
  3 worms
  A dart slug (D:1)
  5 leopard geckos
  29 orcs
  11 giant cockroaches
  4 goblins
  6 hobgoblins
  7 jackals
  4 quokkas
  A ball python (D:4)
  5 bats
  6 frilled lizards
  A giant cockroach zombie (D:5)
  4 gnoll zombies (Ossuary)
  4 hobgoblin zombies (Ossuary)
  2 jackal skeletons
  6 kobolds
  6 kobold zombies (Ossuary)
  A leopard gecko skeleton (D:6)
  8 orc zombies (Ossuary)
  A quokka skeleton (D:8)
  7 rats
260 creatures vanquished.

Vanquished Creatures (others)
  2 withered plants (D:7)
2 creatures vanquished.

Grand Total: 262 creatures vanquished

Notes
Turn   | Place    | Note
-------+----------+-------------------------------------------
     0 | D:1      | HoaS the Ghoul Gladiator began the quest for the Orb.
     0 | D:1      | Reached XP level 1. HP: 17/17 MP: 0/0
   255 | D:1      | Reached XP level 2. HP: 24/24 MP: 1/1
   256 | D:1      | Reached skill level 4 in Unarmed Combat
   717 | D:2      | Found a radiant altar of Vehumet.
   729 | D:2      | Reached XP level 3. HP: 29/29 MP: 2/2
   807 | D:2      | Reached skill level 5 in Unarmed Combat
   846 | D:2      | Reached XP level 4. HP: 26/36 MP: 3/3
  1101 | D:2      | Found a shadowy altar of Dithmenos.
  1483 | D:3      | Found a hazy altar of Hepliaklqana.
  1501 | D:3      | Reached skill level 6 in Unarmed Combat
  1602 | D:3      | Reached XP level 5. HP: 34/41 MP: 4/4
  2115 | D:4      | Noticed a phantom
  2128 | D:4      | Killed a phantom
  2128 | D:4      | Reached skill level 7 in Unarmed Combat
  2128 | D:4      | Reached XP level 6. HP: 45/48 MP: 5/5
  2594 | D:5      | Entered Level 5 of the Dungeon
  2619 | D:5      | Reached skill level 8 in Unarmed Combat
  2680 | D:5      | Reached XP level 7. HP: 26/55 MP: 6/6
  3019 | D:5      | Noticed Duvessa
  3020 | D:5      | Noticed Dowan
  3035 | D:5      | Killed Duvessa
  3035 | D:5      | Reached skill level 9 in Unarmed Combat
  3065 | D:5      | Killed Dowan
  3149 | D:5      | Noticed Menkaure
  3159 | D:5      | Killed Menkaure
  3159 | D:5      | Reached skill level 10 in Unarmed Combat
  3159 | D:5      | Reached XP level 8. HP: 30/61 MP: 7/7
  3797 | D:6      | Found a sand-covered staircase.
  3811 | Ossuary  | Entered an ossuary
  3920 | Ossuary  | Reached skill level 11 in Unarmed Combat
  3974 | D:6      | Identified a scroll of acquirement
  3974 | D:6      | Acquired 1290 gold pieces
  4047 | D:6      | Found a staircase to the Ecumenical Temple.
  4056 | Temple   | Entered the Ecumenical Temple
  4224 | Temple   | Became a worshipper of Makhleb the Destroyer
  4733 | D:7      | Noticed a hippogriff
  4742 | D:7      | Killed a hippogriff
  4789 | D:7      | Reached skill level 12 in Unarmed Combat
  4813 | D:7      | Noticed a hippogriff
  4824 | D:7      | Killed a hippogriff
  4824 | D:7      | Reached skill level 1 in Armour
  4824 | D:7      | Reached XP level 9. HP: 66/68 MP: 8/8
  5082 | D:7      | Reached * piety under Makhleb
  5116 | D:7      | Found a runed translucent gate.
  5117 | D:7      | Found a runed translucent gate.
  5117 | D:7      | Found a runed translucent gate.
  5118 | D:7      | Noticed 1player's ghost (novice DrAE)
  5118 | D:7      | Noticed Lanoc's ghost (novice DsIE)
  5223 | D:7      | Noticed Prince Ribbit
  5286 | D:7      | Noticed Lanoc's ghost (novice VSIE)
  5286 | D:7      | Noticed Mesmaeker13's ghost (novice DrSu)
  5298 | D:7      | Killed Prince Ribbit
  5967 | D:8      | Reached skill level 13 in Unarmed Combat
  5995 | D:8      | Reached XP level 10. HP: 80/80 MP: 9/9
  6337 | D:8      | Reached ** piety under Makhleb
  6389 | D:8      | Reached skill level 5 in Fighting
  6659 | D:9      | Noticed Maurice
  6707 | D:9      | Killed Maurice
  6864 | D:9      | Reached skill level 5 in Dodging
  6910 | D:9      | Got a crude golden ring
  6975 | D:9      | Identified the ring of Day {rC+ rN+ rCorr Str-3} (You found
                  | it on level 9 of the Dungeon)
  6978 | D:9      | Found a staircase to the Orcish Mines.
  6989 | D:9      | Found a roughly hewn altar of Beogh.
  7378 | D:9      | Found a hide-covered altar of Uskayaw.
  7378 | D:9      | Found an opulent altar of Gozag.
  7406 | D:9      | Reached *** piety under Makhleb
  7648 | D:10     | Entered Level 10 of the Dungeon
  7660 | D:10     | Reached skill level 14 in Unarmed Combat
  7710 | D:9      | Reached XP level 11. HP: 67/91 MP: 10/10
  7878 | D:10     | Reached skill level 5 in Armour
  8431 | Orc:1    | Entered Level 1 of the Orcish Mines
  8431 | Orc:1    | Noticed a two-headed ogre
  8441 | Orc:1    | Killed a two-headed ogre
  8498 | Orc:2    | Entered Level 2 of the Orcish Mines
  8498 | Orc:2    | Found a gateway to a bazaar.
  8505 | Bazaar   | Entered a bazaar
  8532 | Bazaar   | Found Qodicsy's Assorted Antiques.
  8532 | Bazaar   | Found Asempiri's Magic Scroll Emporium.
  8553 | Bazaar   | Found Leibic's Book Emporium.
  8602 | Bazaar   | Bought a scroll of blinking for 90 gold pieces
  8602 | Bazaar   | Bought a scroll of blinking for 90 gold pieces
  8608 | Bazaar   | Bought a scroll of enchant armour for 150 gold pieces
  8644 | Orc:2    | Noticed an ettin
  8663 | Orc:2    | Slain by an ettin

Illustrated notes

Levels and vault maps discovered:
D:1:      roderic_octagonal_star, layout_loops_cross
D:2:      layout_basic, nicolae_overflow_crystal_walls, serial_aquarium,
          aquarium_bridge_square [aquarium_subvault_window,
          aquarium_subvault_bridge, aquarium_subvault_balcony,
          aquarium_subvault_window], aquarium_window_1, aquarium_window_2,
          aquarium_view_2d, aquarium_view_2g, aquarium_balcony_1b,
          grunt_dithmenos_smoke_and_mirrors
D:3:      layout_loops_ring, lemuel_crystal_altar
D:4:      layout_loops_cross, st_stairs_7, roderic_roman_lattice
D:5:      layout_basic, uniq_menkaure, uniq_duvessa
D:6:      layout_cave_pods, minmay_temple_entry_junction_2,
          nicolae_ossuary_entry_monument
D:7:      layout_layer_cave, gammafunk_ghost_cemetery, uniq_prince_ribbit1
D:8:      layout_gridville, minmay_misc_feat_x
D:9:      layout_basic, gammafunk_temple_overflow_pools,
          minmay_orc_entry_temple_small, uniq_maurice
D:10:     layout_cross, erik_lair_orcish_takeover, minmay_radiant
Temple:   regret_index_temple_mists
Orc:1:    layout_caves, uniq_erolcha
Orc:2:    st_orc_elflike, layout_caves, serial_shops, bzr_entry_islet,
          basic_altar, minmay_shop_enchanted_jewellery

Skill      XL: |  1  2  3  4  5  6  7  8  9 10 11 |
---------------+----------------------------------+-----
Unarmed Combat | 4 5 6 7 8 10 12 13 14 | 14.4
Armour         | 1 3 4 5 |  5.2
Dodging        | 3 4 5 6 |  6.0
Fighting       | 4 6 |  6.8
Throwing       | |  1.7

Action                   |  1- 3 |  4- 6 |  7- 9 | 10-12 || total
-------------------------+-------+-------+-------+-------++-------
Melee: Unarmed           |    83 |   154 |   365 |   295 ||   897
       Punch             |     3 |     4 |    15 |    15 ||    37
Throw: Throwing net      |       |       |       |     2 ||     2
  Use: Scroll            |     3 |     9 |     3 |    12 ||    27
       Potion            |       |       |     1 |     4 ||     5
 Stab: Held in net/web   |       |       |       |     1 ||     1
Armor: Leather armour    |    14 |     9 |       |       ||    23
       Plate armour      |       |    52 |   182 |   203 ||   437
Dodge: Dodged            |    71 |    65 |   232 |   210 ||   578

Table legend: (Time is in decaauts)
 A = Elapsed time spent in this place.
 B = Non-inter-level travel time spent in this place.
 C = Inter-level travel time spent in this place.
 D = Time resting spent in this place.
 E = Time spent auto-exploring this place.
 F = Levels seen in this place.
 G = Mean time per level.
                   A        B        C        D        E       F      G
               +--------+--------+--------+--------+--------+-----+--------+
         Total |   8547 |   8174 |    373 |   1108 |   5362 |  15 |  569.8 |
       Dungeon |   7925 |   7552 |    373 |   1108 |   4985 |  10 |  792.5 |
        Temple |    245 |    245 |      0 |      0 |    198 |   1 |  245.0 |
  Orcish Mines |     98 |     98 |      0 |      0 |     49 |   2 |   49.0 |
        Bazaar |    131 |    131 |      0 |      0 |     67 |   1 |  131.0 |
       Ossuary |    147 |    147 |      0 |      0 |     63 |   1 |  147.0 |
               +--------+--------+--------+--------+--------+-----+--------+

Top non-repeatable levels by time:
     D:9: 1197 daAuts
     D:7: 1147 daAuts
     D:5: 1008 daAuts
     D:2: 746 daAuts
     D:6: 733 daAuts
     D:1: 688 daAuts
     D:8: 646 daAuts
    D:10: 617 daAuts
     D:3: 570 daAuts
     D:4: 567 daAuts
  Temple: 245 daAuts
 Ossuary: 147 daAuts
  Bazaar: 131 daAuts
   Orc:1: 64 daAuts
   Orc:2: 33 daAuts
